 Dungeon Crawl Stone Soup version 0.17-a0-1404-gb8113a6 (webtiles) character file.

197 TheRaveloJr the Poker (level 5, -4/41 HPs)
             Began as a Merfolk Gladiator on June 22, 2015.
             Was a Follower of Zin.
             Killed by divine providence
             ... invoked by an orc priest
              (11 damage)
             ... on level 4 of the Dungeon.
             The game lasted 00:18:27 (3342 turns).

TheRaveloJr the Poker (Merfolk Gladiator)           Turns: 3342, Time: 00:18:27

Health: -4/41      AC:  5    Str: 16    XL:     5   Next: 75%
Magic:  5/5        EV: 15    Int:  7    God:    Zin [*.....]
Gold:   171        SH:  0    Dex: 15    Spells: 0 memorised, 4 levels left

rFire  . . .     SeeInvis .     a - +0 trident {Swaq}
rCold  . . .     Clarity  .     b - +0 leather armour
rNeg   . . .     SustAt   .     (no shield)
rPois  .         Gourm    .     c - +1 helmet
rElec  .         Spirit   .     (no cloak)
rCorr  .         Warding  .     (no gloves)
rMut   .         Stasis   .     (no boots)
MR     +....                    (no amulet)
Stlth  +.........               (no ring)
                                h - ring of protection from magic

@: short of breath, somewhat resistant to hostile enchantments, very unstealthy
A: change form in water, swift swim
a: Recite, Renounce Religion


You were on level 4 of the Dungeon.
You worshipped Zin.
Zin was aware of your devotion.
You were not hungry.

You visited 1 branch of the dungeon, and saw 4 of its levels.

You collected 189 gold pieces.
You donated 18 gold pieces to Zin.

Inventory:

Hand weapons
 a - a +0 trident (weapon) {Swaq}
Missiles
 d - a throwing net (quivered)
Armour
 b - a +0 leather armour (worn)
 c - a +1 helmet (worn)
 i - a +0 pair of boots
Jewellery
 h - a ring of protection from magic (left hand)
Scrolls
 f - 2 scrolls of enchant armour
 g - a scroll of noise
 n - a scroll of amnesia
Potions
 j - 2 potions of curing
 k - 2 potions of brilliance {unknown}
 l - a potion of lignification {unknown}
 m - a potion of agility {unknown}
 p - a potion of cure mutation {unknown}
 r - a potion of degeneration {unknown}
 s - a potion of mutation {unknown}
 z - a potion of cancellation {unknown}
Comestibles
 e - a bread ration
 v - 2 slices of pizza
 w - a meat ration


   Skills:
 + Level 3.4 Fighting
 + Level 5.7 Polearms
 + Level 2.1 Throwing
 + Level 1.8 Armour
 + Level 5.5 Dodging
 + Level 0.2 Invocations


You had 4 spell levels left.
You didn't know any spells.

Dungeon Overview and Level Annotations

Branches:
Dungeon (4/15)
 Temple: D:4-7

Altars:
Dithmenos
Trog
Zin


Message History

The orc priest looks braver.
The orc wizard gestures wildly while chanting.
You feel troubled.
The orc wizard mumbles some strange words.
The orc wizard blinks!
The orc priest calls down the wrath of Beogh upon you.
Something smites you!
The orc wizard gestures wildly while chanting.
The orc wizard flickers and vanishes!
Deactivating autopickup; reactivate with Ctrl-A.
The orc barely misses you. The orc hits you but does no damage.
The orc priest mumbles some strange prayers to Beogh against you.
Something smites you!
* * * LOW HITPOINT WARNING * * *
You see here 15 bolts.
An adder skeleton comes into view.
The orc priest mumbles some strange prayers to Beogh against you.
Something smites you!
You die...

#.# #.# #.#
#.# #Z# #.#
....# #(#
#...# #@#
#...# #.#
#...# #.#
#)..# #o#
#####...## #.#
...%.....# #(#
#..# ###.###
#..## #..o..#
#..ยง###.#.#.#


You could see an orc priest, an orc (dazed) and an adder skeleton.

Vanquished Creatures
  5 adders
  3 gnolls (D:3)
  3 oozes (D:3)
  2 worms
  5 giant geckos
  7 orcs
  12 bats
  3 giant cockroaches
  10 goblins
  13 hobgoblins
  2 quokkas
  3 ball pythons
  3 giant newts
  14 kobolds
  4 rats
89 creatures vanquished.

Notes
Turn   | Place    | Note
--------------------------------------------------------------
     0 | D:1      | TheRaveloJr the Merfolk Gladiator began the quest for the Orb.
     0 | D:1      | Reached XP level 1. HP: 16/16 MP: 1/1
   130 | D:1      | Reached XP level 2. HP: 16/22 MP: 2/2
   417 | D:1      | Reached XP level 3. HP: 28/28 MP: 3/3
  1218 | D:2      | Found a shadowy altar of Dithmenos.
  1231 | D:2      | Reached skill level 1 in Armour
  1231 | D:2      | Reached skill level 5 in Dodging
  1539 | D:2      | Reached XP level 4. HP: 26/34 MP: 4/4
  1756 | D:2      | Reached skill level 5 in Polearms
  2328 | D:3      | Reached XP level 5. HP: 29/40 MP: 5/5
  2717 | D:3      | Found a bloodstained altar of Trog.
  2851 | D:3      | Found a glowing silver altar of Zin.
  2855 | D:3      | Became a worshipper of Zin the Law-Giver
  2855 | D:3      | Acquired Zin's first power
  3342 | D:4      | Killed from afar by an orc priest

Vault maps used:
D:1:      dpeg_arrival_water_fire, corexii_item_surrounded_by_moat
D:2:      first_bread, minmay_stone_trees_small, hangedman_decor_points,
          grunt_dithmenos_smoke
D:3:      zin_treasury, trog_three_pillars_becter
D:4:      serial_shops, nicolae_shop_crystal, nrook_uturn,
          hangedman_decor_growths

Action                   |  1- 3 |  4- 6 || total
-------------------------+-------+-------++-------
Melee: Trident           |   142 |   205 ||   347
Throw: Throwing net      |     3 |     1 ||     4
Invok: Recite            |       |     2 ||     2
  Use: Scroll            |       |    10 ||    10
  Eat: Bread ration      |     1 |     1 ||     2
       Chunk             |       |     1 ||     1
